 Dungeon Crawl Stone Soup version 0.18-a0-1760-gbb863503 (webtiles) character file.

350 Crag the Magician (level 6, -6/32 HPs)
             Began as a Tengu Air Elementalist on Apr 13, 2016.
             Mangled by a wraith (15 damage)
             ... in an ossuary.
             The game lasted 00:17:32 (4627 turns).

Crag the Magician (Tengu Air Elementalist)          Turns: 4627, Time: 00:17:33

Health: -6/32      AC:  4    Str:  5 (8)  XL:     6   Next: 61%
Magic:  3/14       EV: 18    Int: 15 (18) God:
Gold:   167        SH:  0    Dex: 16 (19) Spells: 4 memorised, 6 levels left

rFire  + . .     SeeInvis .     D - +2 flail
rCold  + + .     Gourm    .     B - +0 robe
rNeg   . . .     Faith    .     (no shield)
rPois  +         Spirit   .     (helmet restricted)
rElec  +         Dismiss  .     o - +0 cloak
rCorr  +         Reflect  .     q - +0 pair of gloves
SustAt .         Harm     .     (boots unavailable)
MR     .....                    (no amulet)
Stlth  ++++......               (no ring)
                                i - ring of protection from cold

@: agile, resistant, slowed, repel missiles, very slow, not resistant to hostile
enchantments, stealthy
A: beak, talons 3, able to fly 1
a: Fly


You were in an ossuary.
You were near starving.

You visited 1 branch of the dungeon, and saw 4 of its levels.
You also visited: Ossuary.

You collected 167 gold pieces.

Inventory:

Hand Weapons
 e - a +0 dagger
 l - a +0 dagger of draining
 y - a +1 dagger of venom
 D - a +2 flail (weapon)
Armour
 a - a +0 robe
 o - a +0 cloak (worn)
 q - a +0 pair of gloves (worn)
 A - a +0 robe
 B - a +0 robe (worn)
Jewellery
 i - a ring of protection from cold (left hand)
Scrolls
 f - 2 scrolls of teleportation {unknown}
 h - a scroll of magic mapping {unknown}
 k - 2 scrolls of enchant armour {unknown}
 m - 3 scrolls of remove curse {unknown}
 r - 2 scrolls of fear {unknown}
 s - a scroll of blinking {unknown}
 t - 2 scrolls of identify {unknown}
 u - a scroll of fog {unknown}
 C - a scroll of amnesia {unknown}
Potions
 d - 2 potions of cure mutation
 g - a potion of agility
 n - a potion of invisibility {unknown}
 p - 2 potions of degeneration
 v - a potion of beneficial mutation {unknown}
 w - a potion of curing
 x - a potion of resistance
 z - a potion of might {unknown}
Books
 b - a book of Air

   Spells                             Type                      Level
   a - Shock                          Conjuration/Air              1
   b - Swiftness                      Charms/Air                   2
   c - Repel Missiles                 Charms/Air                   2
   d - Static Discharge               Conjuration/Air              3
   e - Lightning Bolt                 Conjuration/Air              5
Comestibles
 c - 7 bread rations
 j - 2 meat rations


   Skills:
 - Level 2.1 Dodging
 - Level 4.0 Stealth
 + Level 4.7 Spellcasting
 - Level 4.0 Conjurations
 - Level 4.0 Air Magic


You had 6 spell levels left.
You knew the following spells:

 Your Spells              Type           Power        Failure   Level  Hunger
a - Shock                 Conj/Air       ###.         3%          1    None
b - Static Discharge      Conj/Air       ###.....     12%         3    ###....
c - Repel Missiles        Chrm/Air       #.....       12%         2    ##.....
d - Swiftness             Chrm/Air       #.......     12%         2    ##.....


Dungeon Overview and Level Annotations

Branches:
Dungeon (4/15)
 Temple: D:4-7

Altars:


Innate Abilities, Weirdness & Mutations

You have a beak for a mouth.
You have claws for feet.
You can fly.


Message History

You feel as though you will be slow longer.
Drink which item? (? for menu, Esc to quit)
It was a potion of resistance.
You feel protected. The wraith completely misses you.
The wraith barely misses you.
Drink which item? (? for menu, Esc to quit)
It was a potion of agility.
You feel agile all of a sudden. The wraith closely misses you.
Drink which item? (? for menu, Esc to quit)
It was a potion of cure mutation.
It has a very clean taste.
The wraith barely misses you. The wraith misses you.
Drink which item? (? for menu, Esc to quit)
It was a potion of degeneration.
There was something very wrong with that liquid.
You feel weakened.
You feel dopey.
You feel clumsy. The wraith closely misses you.
Drink which item? (? for menu, Esc to quit)
You feel better. The wraith hits you but does no damage. The wraith hits you!
You die...

###############
#.............#
#.@##.###.##'.#
#.#W#.#z#.#)#.#
#. ##.###.###.#
#. ..........#
#. ..........#
#. ##.!!!.###.#
#. z#.!!?.#z#.#
#. ./??.###.#
.........#


You could see a wraith.

Vanquished Creatures
  4 wights (Ossuary)
  A giant frog skeleton (D:4)
  Ijyb (D:2)
  A worker ant (D:4)
  3 adders
  5 worms
  3 dart slugs
  A giant gecko (D:3)
  An orc (D:4)
  6 bats
  4 giant cockroaches (D:2)
  8 goblins
  10 hobgoblins
  A jackal (D:1)
  A ball python skeleton (Ossuary)
  2 giant newts
  2 hobgoblin zombies (Ossuary)
  5 kobolds
  2 kobold zombies (Ossuary)
  An orc skeleton (Ossuary)
  2 orc zombies (Ossuary)
  9 rats
73 creatures vanquished.

Notes
Turn   | Place    | Note
--------------------------------------------------------------
     0 | D:1      | Crag the Tengu Air Elementalist began the quest for the Orb.
     0 | D:1      | Reached XP level 1. HP: 10/10 MP: 4/4
   244 | D:1      | Reached XP level 2. HP: 15/15 MP: 4/6
  1178 | D:2      | Reached XP level 3. HP: 19/19 MP: 5/7
  1187 | D:2      | Learned a level 3 spell: Static Discharge
  2112 | D:2      | Reached XP level 4. HP: 24/24 MP: 1/8
  2186 | D:2      | Found a faded altar to an unknown god.
  2186 | D:2      | Noticed Ijyb
  2192 | D:2      | Killed Ijyb
  2840 | D:3      | Noticed a sky beast
  2913 | D:2      | Learned a level 2 spell: Repel Missiles
  3214 | D:3      | Gained mutation: You can fly. [Tengu growth]
  3214 | D:3      | Reached XP level 5. HP: 28/28 MP: 7/9
  3778 | D:4      | Learned a level 2 spell: Swiftness
  3891 | D:4      | Found a sand-covered staircase.
  3900 | Ossuary  | Entered an ossuary
  3954 | Ossuary  | Reached XP level 6. HP: 4/32 MP: 8/12
  4315 | Ossuary  | Noticed a wraith
  4315 | Ossuary  | Noticed a flying skull
  4388 | Ossuary  | Noticed a flying skull
  4601 | Ossuary  | Noticed a flying skull
  4607 | Ossuary  | Noticed a flying skull
  4612 | Ossuary  | Noticed a wraith
  4622 | Ossuary  | HP: 1/32 [wraith (5)]
  4627 | Ossuary  | Mangled by a wraith

Vault maps used:
D:1:      minmay_arrival_hallway, kennysheep_minor_cross
D:2:      ecumenical_altar_2, first_bread, uniq_iyjb
D:4:      enter_ossuary_3, uniq_eustachio
Ossuary:  ossuary_due_cavern

Skill      XL: |  1  2  3  4  5  6 |
---------------+-------------------+-----
Conjurations   | 2 3 4 |  4.0
Stealth        | 3 4 |  4.0
Spellcasting   | 3 4 |  4.7
Dodging        | |  2.1
Air Magic      | |  4.0

Action                   |  1- 3 |  4- 6 || total
-------------------------+-------+-------++-------
Melee: Kick              |     5 |    16 ||    21
       Unarmed           |     1 |       ||     1
       Dagger            |    13 |    38 ||    51
       Peck              |     2 |     4 ||     6
       Flail             |       |     6 ||     6
 Cast: Shock             |   101 |    60 ||   161
       Static Discharge  |       |    13 ||    13
       Repel Missiles    |       |     1 ||     1
  Use: Potion            |       |     6 ||     6
 Stab: Sleeping          |       |     9 ||     9
  Eat: Chunk             |     5 |     7 ||    12
       Beef jerky        |       |     1 ||     1
Armor: Robe              |     8 |     4 ||    12
Dodge: Dodged            |    16 |    45 ||    61
